Map: Orbital Shipyard

Players

LilDicky - Winner!

  • Race: Terran Terran
  • League: Diamond

Polar

  • Race: Terran Terran
  • League: Diamond

VOD

http://www.twitch.tv/tumescentpie

Description

Time

  • Played on: Jan. 1, 2016, 11:14 p.m.
  • Length: 3:28
Show
View Real Time Build Order
Export as new Build Order

LilDicky Terran - Winner!

Build Orders:  

Get SALT Encoding   

  12  0:01  SCV  
  13  0:13  SCV  
  14  0:18  Supply Depot  
  14  0:25  SCV  
  15  0:37  Refinery  
  15  0:40  SCV  
  16  0:46  Barracks  
  16  0:53  SCV  
  17  1:07  SCV  
  18  1:21  SCV  
  19  1:35  Orbital Command  
  19  1:37  Marine  
  19  1:38  Supply Depot  
  20  1:48  Refinery  
  20  1:59  Marine  
  21  2:02  SCV  
  21  2:07  Factory  
  22  2:17  SCV, Marine  
  24  2:25  Supply Depot  
  24  2:34  Marine  
  25  2:45  Supply Depot  
  25  2:49  SCV  
  26  2:52  Factory Tech Lab, Marine  
  26  2:54  Starport  
  27  3:01  SCV  
  28  3:13  SCV, Engineering Bay  
Show
View Real Time Build Order
Export as new Build Order

Polar Terran 

Build Orders: Reaper Expand 

Get SALT Encoding   

  12  0:01  SCV  
  13  0:13  SCV  
  14  0:20  Supply Depot  
  14  0:25  SCV  
  15  0:42  SCV  
  16  0:46  Barracks  
  16  0:49  Refinery  
  16  0:54  SCV  
  17  1:06  SCV  
  18  1:18  SCV  
  19  1:34  Reaper  
  20  1:41  Command Center, Orbital Command  
  20  2:06  Reaper  
  20  2:08  SCV  
  22  2:17  Supply Depot  
  22  2:21  SCV  
  23  2:39  SCV  
  23  2:45  Refinery, Marine  
  23  2:46  Factory  
  24  2:51  SCV  
  24  2:53  Orbital Command  
  25  3:01  Barracks  
  25  3:04  SCV  
  26  3:11  Barracks  
Tags
 
Add a new tag
Caveats
  • Supply blocks, unpowered buildings, or Contaminate may cause inaccurate times.
  • Supply counts are checked every 10 seconds.